[Event "Early-Titled-Tuesday-Blitz-September-05-2023"]
[Site "Chess.com"]
[Date "2023.09.05"]
[Round "9"]
[White "valemava"]
[Black "LUISMIGUELOV"]
[Result "1-0"]
[WhiteElo "2286"]
[BlackElo "2077"]
[TimeControl "180+1"]
[EndTime "9:42:25 PDT"]
[Termination "valemava won on time"]

1. e4 c6 2. Nc3 d5 3. Qf3 dxe4 4. Nxe4 Nd7 5. Bc4 Ngf6 6. Qb3 Ne5 7. Nxf6+ exf6 8.
Be2 Bd6 9. d4 Ng6 10. g3 O-O 11.
Be3 b5 12. Bf3 Be6 13. Qd3 Bd5 14. h4 b4 15. Kf1 h6 16. h5 Ne7 17. Kg2 Qd7 18. c4 Bxf3+ 19. Nxf3 Nf5 20. Rad1 Nxe3+ 21. fxe3 Rfe8 22. e4 Qg4 23. Nd2 Rad8 24. Qf3 Qxf3+ 25. Kxf3 a5 26. c5 Bf8 27. Nc4 a4 28. b3 axb3 29.
axb3 Ra8 30. Ra1 g6 31. Nb6 Ra3 32. Rxa3 bxa3 33. Ra1 Rd8 34. Ke3 f5 35. e5 f6 36.
exf6 Re8+ 37. Kd3 gxh5 38. Rxa3 Kf7 39. Ra7+ Kxf6 40. Rc7 Kg5 41. Rxc6 Re1 42. Nd5 Rd1+ 43. Kc4 Bg7 44. Nf4 Rxd4+ 45. Kb5 Bf6 46. Rc8 Rd7 47.
c6 Rg7 48. Ne6+ 1-0

[Event "Early-Titled-Tuesday-Blitz-September-05-2023"]
[Site "Chess.com"]
[Date "2023.09.05"]
[Round "9"]
[White "frederiksvane"]
[Black "blitzking1729"]
[Result "1-0"]
[WhiteElo "2933"]
[BlackElo "2770"]
[TimeControl "180+1"]
[EndTime "9:42:29 PDT"]
[Termination "frederiksvane won by resignation"]

1. c4 e5 2. g3 d6 3. Bg2 Nc6 4. Nc3 f5 5. d3 Nf6 6. Rb1 a5 7. a3 g6 8. b4 axb4 9. axb4 Bg7 10. b5 Ne7 11. Nf3 O-O 12. O-O h6 13. e4 g5 14. Re1 f4 15. d4 Ng6 16. dxe5 dxe5 17. Qxd8 Rxd8 18. Nd5 Nxd5 19. cxd5 Bf8 20. Bb2 Bd6 21. h3 Bd7 22. b6 cxb6 23. Bc3 Rdc8 24.
Rxb6 Ra6 25. Rxb7 Bxh3 26. Bxh3 Rxc3 27. Be6+ Kh8 28. Kg2 fxg3 29. Kxg3 Raa3 30. Re3 Rxe3 31. fxe3 Rxe3 32. Kg4 Nf4 33. Rd7 h5+ 34. Kxg5 Nxe6+ 35. dxe6 Rxf3 36. Rxd6 Kg7 37. Rd8 Rg3+ 38. Kf5 Kh6 39.
e7 1-0

[Event "Early-Titled-Tuesday-Blitz-September-05-2023"]
[Site "Chess.com"]
[Date "2023.09.05"]
[Round "9"]
[White "Bigfish1995"]
[Black "BlueWizzard"]
[Result "0-1"]
[WhiteElo "3077"]
[BlackElo "2923"]
[TimeControl "180+1"]
[EndTime "9:42:30 PDT"]
[Termination "BlueWizzard won on time"]

1. a3 e5 2. Ra2 b6 3. Ra1 Bb7 4.
Ra2 Nf6 5. Ra1 g6 6. c4 d5 7.
cxd5 Qxd5 8. Nc3 Qe6 9. Nf3 Nc6 10. e3 e4 11. Ng5 Qf5 12. h4 Bh6 13. Qa4 O-O 14.
Ngxe4 Rfe8 15. Ng3 Qc5 16. h5 Bg7 17. hxg6 hxg6 18.
b4 Qd6 19. Ba6 Bxa6 20. Qxa6 Ne5 21. d4 Qc6 22. Bd2 Nc4 23. Qb5 Qe6 24. Nge2 Nxd2 25. Kxd2 c5 26. Nf4 Qf5 27. bxc5 Ne4+ 28. Nxe4 Rxe4 29.
Nd3 Rd8 30. Rac1 Bxd4 31. exd4 Rexd4 32. Rh3 Qxf2+ 33. Kc3 Qxg2 34. Re3 bxc5 35. Re8+ Kg7 36. Rxd8 Rxd8 37. Qxc5 Qf3 38. Qe5+ Kg8 39. Qb5 Qe3 40. Rd1 Qe2 41. Rc1 Rc8+ 42. Kb3 Rd8 43. Rc3 Qd1+ 44.
Ka2 Qd2+ 45. Kb3 a6 0-1

[Event "Early-Titled-Tuesday-Blitz-September-05-2023"]
[Site "Chess.com"]
[Date "2023.09.05"]
[Round "9"]
[White "FoxOnTheRun97"]
[Black "MarijaKuznecova"]
[Result "1-0"]
[WhiteElo "2530"]
[BlackElo "2370"]
[TimeControl "180+1"]
[EndTime "9:42:31 PDT"]
[Termination "FoxOnTheRun97 won on time"]

1. d4 Nf6 2. c4 c5 3. d5 b5 4.
cxb5 a6 5. bxa6 g6 6. Nc3 Bg7 7. e4 d6 8. Nf3 O-O 9. g3 Qa5 10. Bd2 Bxa6 11. Bxa6 Qxa6 12. Qe2 Nbd7 13. Qxa6 Rxa6 14. Kd1 Rb8 15. Kc2 c4 16. h3 Nc5 17.
Rhe1 Nd3 18. b3 Nxe1+ 19. Rxe1 cxb3+ 20. axb3 Rab6 21. Rb1 Nd7 22. Be3 R6b7 23. Bd4 Rb4 24. Bxg7 Kxg7 25. Nd2 Nc5 26. f3 e6 27. dxe6 fxe6 28.
Ne2 d5 29. exd5 exd5 30. Kc3 Na4+ 31. Kd3 Nc5+ 32. Kc3 Ne6 33. Ra1 R4b7 34. Ra5 Rc8+ 35. Kd3 Nc5+ 36. Kd4 Nxb3+ 37. Nxb3 Rxb3 38. Ra7+ Kh8 39. Nf4 Rxf3 40. Nxd5 Rxg3 41. Nf6 Rd8+ 42. Ke5 Re3+ 43.
Kf4 1-0

[Event "Early-Titled-Tuesday-Blitz-September-05-2023"]
[Site "Chess.com"]
[Date "2023.09.05"]
[Round "9"]
[White "AlphaPerseii"]
[Black "miraitrunks"]
[Result "0-1"]
[WhiteElo "2337"]
[BlackElo "2051"]
[TimeControl "180+1"]
[EndTime "9:42:31 PDT"]
[Termination "miraitrunks won by resignation"]

1. c4 c5 2. Nc3 Nc6 3. g3 g6 4.
Bg2 Bg7 5. e3 e6 6. Nge2 Nf6 7. d4 cxd4 8. exd4 d5 9. cxd5 Nxd5 10. Nxd5 exd5 11. Qb3 O-O 12. O-O Be6 13. Be3 Qd7 14.
Rfd1 Rfe8 15. Nf4 Na5 16. Qb4 Nc4 17. Bc1 Bg4 18. f3 Bf5 19. Kf2 Bc2 20. Re1 Bxd4+ 21. Kf1 g5 22. Ne2 Bd3 23. b3 Bxa1 24. bxc4 dxc4 25.
Bxg5 Bxe2+ 26. Rxe2 Qd1+ 27. Qe1 Qxe1+ 28. Kxe1 Rxe2+ 29. Kxe2 Bd4 30. Kd2 c3+ 31. Kd3 Bg7 32. Bh3 h6 33. Bf4 Rd8+ 34. Kc2 Re8 35. Bf1 Re1 36. Bc4 Rh1 37. h4 Rh2+ 38. Kc1 c2 39. Bd3 Bf8 40. Bxc2 Ba3+ 41. Kd1 Rh1+ 42. Ke2 Rh2+ 43. Kd3 Kf8 44. Bxh6+ Ke7 45. Bb3 Rf2 46. Ke3 Bc5+ 47. Ke4 Bd6 48. g4 b5 49. Be3 Rh2 50.
h5 a5 51. h6 a4 52. Bd5 b4 53. g5 b3 54. axb3 a3 55. Bd4 Rh4+ 0-1

[Event "Early-Titled-Tuesday-Blitz-September-05-2023"]
[Site "Chess.com"]
[Date "2023.09.05"]
[Round "9"]
[White "AndreiITrifan"]
[Black "infinitegiantkiller"]
[Result "1-0"]
[WhiteElo "2621"]
[BlackElo "2482"]
[TimeControl "180+1"]
[EndTime "9:42:32 PDT"]
[Termination "AndreiITrifan won by resignation"]

1. e4 g6 2. d4 Bg7 3. Nc3 d6 4. f4 Nf6 5. Nf3 O-O 6. Bd3 Nc6 7. e5 dxe5 8. fxe5 Nd5 9. Nxd5 Qxd5 10. c4 Qd8 11. Be3 Bg4 12. Be4 e6 13. O-O Rb8 14.
h3 Bxf3 15. Bxf3 Ne7 16. g4 c5 17. Qd2 cxd4 18. Qxd4 Nc6 19. Bxc6 bxc6 20. b3 a5 21. Rad1 Qc7 22. Bf4 a4 23. bxa4 Qa5 24. h4 Qxa4 25.
h5 Qxa2 26. h6 Bh8 27. Bg5 Qe2 28. Rde1 Qb2 29. Qf4 c5 30. Be7 Qd4+ 31. Qxd4 cxd4 32. Bxf8 Kxf8 33. Rf4 Rd8 34. c5 Ke7 35. c6 Rc8 36. Rxd4 Rxc6 37. Kg2 Rc5 38. Red1 Bxe5 39. Rd7+ Kf6 40. Rf1+ Kg5 41. Rdxf7 Kxh6 42. Re7 Rc2+ 43. Kf3 Rc3+ 44. Ke4 Bg3 45. Rxe6 Kg5 46. Re7 Kxg4 47.
Rxh7 g5 48. Rg7 Bf4 49. Rxf4+ Kh5 50.
Rf5 Kh6 51. Rgxg5 Rc4+ 52. Kd3 Ra4 53. Rg1 Ra3+ 54. Kc2 Ra2+ 55. Kb3 Ra6 56. Rf2 Rb6+ 57.
Kc4 Kh7 58. Rh2+ Rh6 59. Rxh6+ Kxh6 60. Kd5 1-0

[Event "Early-Titled-Tuesday-Blitz-September-05-2023"]
[Site "Chess.com"]
[Date "2023.09.05"]
[Round "9"]
[White "Kirill_Klukin"]
[Black "Mikedannnn"]
[Result "1-0"]
[WhiteElo "2800"]
[BlackElo "2616"]
[TimeControl "180+1"]
[EndTime "9:42:34 PDT"]
[Termination "Kirill_Klukin won on time"]

1. d4 c5 2. d5 g6 3. c4 Bg7 4. Nf3 d6 5. h3 e6 6. Nc3 Ne7 7.
e4 O-O 8. Be2 h6 9. O-O g5 10.
Be3 Ng6 11. Qd2 f5 12. exf5 exf5 13. Qc2 Nd7 14. Rfe1 Nde5 15. Nxe5 Bxe5 16. Bd3 Kg7 17. Ne2 Qf6 18. Ng3 Kh8 19. Nh5 Qf7 20. Bd2 Nh4 21. Ng3 f4 22. Ne4 f3 23. Bc3 fxg2 24. Nxd6 Nf3+ 25. Kxg2 Bxh3+ 26. Kh1 Qf4 27. Rxe5 Nxe5 28. Qe2 Rae8 29. Nxe8 Rxe8 30. Re1 Qh4 31. Bxe5+ Kg8 32. Qe4 Bg4+ 33. Kg1 1-0

[Event "Early-Titled-Tuesday-Blitz-September-05-2023"]
[Site "Chess.com"]
[Date "2023.09.05"]
[Round "9"]
[White "HouseOfDurin"]
[Black "Mariia89"]
[Result "1-0"]
[WhiteElo "2270"]
[BlackElo "1976"]
[TimeControl "180+1"]
[EndTime "9:42:35 PDT"]
[Termination "HouseOfDurin won on time"]

1. d4 Nf6 2. Bg5 Ne4 3. Bf4 d5 4. Nd2 Bf5 5. Nxe4 Bxe4 6. f3 Bg6 7. e3 e6 8. Bd3 c5 9. Bxb8 Rxb8 10. Bb5+ Ke7 11.
c3 c4 12. Ba4 f6 13. Bc2 Kf7 14. e4 Qb6 15. exd5 exd5 16. Qd2 Bd6 17. Ne2 Qc7 18. Kf2 b5 19. a3 a5 20. g3 b4 21. axb4 axb4 22. Bxg6+ hxg6 23. h4 Rb7 24. Ra2 b3 25. Ra4 Qd7 26. Ra6 Qe6 27. Kg2 Re7 28. Nc1 Qd7 29.
Re1 Rxe1 30. Qxe1 Qc7 31. Ne2 Re8 32. Qf2 Qe7 33. Ng1 Qc7 34. Nh3 1-0

[Event "Early-Titled-Tuesday-Blitz-September-05-2023"]
[Site "Chess.com"]
[Date "2023.09.05"]
[Round "9"]
[White "HanSchut"]
[Black "Jahonas"]
[Result "1-0"]
[WhiteElo "2261"]
[BlackElo "2388"]
[TimeControl "180+1"]
[EndTime "9:42:36 PDT"]
[Termination "HanSchut won by resignation"]

1. e4 c6 2. d4 d5 3. exd5 cxd5 4. c4 Nf6 5. Nc3 Nc6 6. Nf3 e6 7. cxd5 Nxd5 8. Bd3 Be7 9. O-O O-O 10. Qe2 Bf6 11.
Rd1 g6 12. Bh6 Re8 13. Ne4 Bh8 14. Bg5 f6 15. Bh6 b6 16. Rac1 Bb7 17. Ba6 Bxa6 18.
Qxa6 Rc8 19. Nc3 Qd7 20. Qe2 Ncb4 21. a3 Nxc3 22. bxc3 Nd5 23. c4 Ne7 24. Be3 Bg7 25. h3 a6 26. Qb2 b5 27. c5 Nd5 28. Ra1 Rc6 29. a4 b4 30. a5 Rb8 31. Nd2 Rb5 32. Nc4 Nc3 33. Re1 e5 34. Nb6 Qf7 35. Rad1 exd4 36.
Rxd4 f5 37. Rd8+ Bf8 38. Nd7 Rc8 39. Rxc8 Qxd7 40. Ra8 Qb7 41. Re8 Ne4 42. Bh6 Qf7 43. Rxf8+ Qxf8 44. Bxf8 Kxf8 45. c6 b3 46. c7 Rc5 47.
Qxb3 1-0

[Event "Early-Titled-Tuesday-Blitz-September-05-2023"]
[Site "Chess.com"]
[Date "2023.09.05"]
[Round "9"]
[White "play1ngtheangel"]
[Black "LionTheLeon_06"]
[Result "0-1"]
[WhiteElo "2682"]
[BlackElo "2816"]
[TimeControl "180+1"]
[EndTime "9:42:37 PDT"]
[Termination "LionTheLeon_06 won by resignation"]

1. e4 e6 2. d4 d5 3. Nd2 dxe4 4. Nxe4 Nd7 5. Nf3 Ngf6 6. Bd3 Nxe4 7. Bxe4 Nf6 8. Bd3 c5 9. O-O cxd4 10. Nxd4 Be7 11. Bb5+ Bd7 12. Qf3 O-O 13. Bg5 Bxb5 14. Nxb5 Qb6 15.
a4 a6 16. Be3 Bc5 17. Bxc5 Qxc5 18. Nc3 Qb4 19. Ra2 Rfd8 20. Ne2 Rd2 21. b3 Rad8 22. Nf4 e5 23. Nh5 Nxh5 24. Qxh5 Qc3 25. h3 g6 26. Qg5 Kg7 27. Kh2 h6 28. Qe7 R8d7 29.
Qe8 h5 30. Raa1 Rd8 31. Qe7 R2d7 32. Qg5 f6 33. Qg3 Qxc2 34. Rac1 Qd3 35. Qxd3 Rxd3 36. Rc7+ R8d7 37. Rfc1 h4 38. a5 Kf7 39. R1c4 g5 40.
b4 Ke6 41. Rc8 Rd2 42. Re8+ Kf7 43. Rh8 Rxf2 44. Rh7+ Ke6 45. Rc7 Rdd2 46. Rhe7+ Kf5 47. Rc3 Rxg2+ 48. Kh1 Rge2 49. Rf3+ Ke4 0-1

[Event "Early-Titled-Tuesday-Blitz-September-05-2023"]
[Site "Chess.com"]
[Date "2023.09.05"]
[Round "9"]
[White "SAInt_666"]
[Black "vishwa_vijeta"]
[Result "1-0"]
[WhiteElo "2708"]
[BlackElo "2531"]
[TimeControl "180+1"]
[EndTime "9:42:37 PDT"]
[Termination "SAInt_666 won by checkmate"]

1. e4 c5 2. Nf3 d6 3. Bb5+ Bd7 4. Bxd7+ Qxd7 5. O-O Nf6 6. Re1 Nc6 7. c3 e6 8. d4 cxd4 9. cxd4 d5 10. e5 Ne4 11.
Nbd2 Nxd2 12. Bxd2 Be7 13. Re3 O-O 14. h4 Rac8 15. h5 h6 16. Qe2 Nb4 17. Bc3 b5 18.
Nh2 Nc6 19. Qg4 f5 20. exf6 Bxf6 21. Rxe6 Bxd4 22. Bxd4 Nxd4 23. Re5 Qxg4 24. Nxg4 Rc2 25. Rxd5 Ne2+ 26. Kh2 Rxb2 27. Rd7 Rf5 28. g3 Rxh5+ 29. Kg2 Rg5 30. Kh3 a5 31. Re7 Nd4 32. Rd1 Nf5 33. Nf6+ Kf8 34. Ra7 Ne7 35. Nh7+ Ke8 36. Nxg5 Nc6 37. Rc7 Nb4 38. Ne6 Rxf2 39. Rd8# 1-0

[Event "Early-Titled-Tuesday-Blitz-September-05-2023"]
[Site "Chess.com"]
[Date "2023.09.05"]
[Round "9"]
[White "Aygehovit1992"]
[Black "nss13"]
[Result "1-0"]
[WhiteElo "2697"]
[BlackElo "2534"]
[TimeControl "180+1"]
[EndTime "9:42:37 PDT"]
[Termination "Aygehovit1992 won by resignation"]

1. e4 c5 2. Nc3 Nc6 3. Bb5 Nd4 4. Nf3 e6 5. O-O a6 6. Bd3 Nxf3+ 7. Qxf3 Bd6 8. Nd1 Qf6 9. Qh3 Qh6 10. Qxh6 Nxh6 11.
c3 Ng4 12. f4 b5 13. e5 c4 14. exd6 cxd3 15. Rf3 Bb7 16. Rxd3 Rc8 17. b3 f5 18. a4 Be4 19. Rd4 Bc2 20. Nf2 Nxf2 21. Kxf2 Bxb3 22.
axb5 axb5 23. Ra7 Bd5 24. Ba3 Bc6 25. c4 Kf7 26. cxb5 Bxb5 27. Rb4 Bc6 28. Bb2 Kg6 29. h3 h5 30. Be5 Ra8 31. Rc7 Rhb8 32. Rd4 Rb7 33.
Rd3 Raa7 34. Rg3+ Kh6 35. Bxg7+ Kh7 36. Be5 Ra2 37. Rg7+ Kh6 38. Rxb7 Bxb7 39. Rxd7 Bd5 40. Bc3 Ra6 41. Rd8 Kg6 42. d7 Rd6 43. Rg8+ Kf7 44. d8=Q 1-0

[Event "Early-Titled-Tuesday-Blitz-September-05-2023"]
[Site "Chess.com"]
[Date "2023.09.05"]
[Round "9"]
[White "milovichalex"]
[Black "Boxerandchessplayer"]
[Result "1-0"]
[WhiteElo "2289"]
[BlackElo "2080"]
[TimeControl "180+1"]
[EndTime "9:42:37 PDT"]
[Termination "milovichalex won by checkmate"]

1. e4 e6 2. Nf3 d5 3. e5 c5 4. b4 cxb4 5. a3 bxa3 6. d4 a6 7. c3 Nc6 8. Nxa3 Bd7 9. Bd3 Nge7 10. h4 h5 11. Ng5 g6 12. Nc2 Bh6 13. Ba3 Bxg5 14.
hxg5 Nf5 15. g4 Ng7 16. Qd2 h4 17. Qf4 Na5 18. Rh3 Rc8 19. Bc5 Nb3 20. Rf3 Nf5 21. gxf5 gxf5 22. Rb1 Nxc5 23. dxc5 h3 24. Qh2 Qxg5 25.
Rxh3 Rxh3 26. Qxh3 f4 27. Rxb7 Qxe5+ 28. Kf1 Qxc3 29.
Rxd7 Qxd3+ 30. Qxd3 Kxd7 31. Qxa6 Rc6 32. Qb7+ Rc7 33.
Qb5+ Kc8 34. Nd4 Kd8 35. c6 Kc8 36. Qa6+ Kd8 37. Nb5 Rxc6 38. Qxc6 f3 39. Qc7+ Ke8 40. Nd6+ Kf8 41. Qxf7# 1-0

[Event "Early-Titled-Tuesday-Blitz-September-05-2023"]
[Site "Chess.com"]
[Date "2023.09.05"]
[Round "9"]
[White "Aanna12"]
[Black "DKmirl"]
[Result "0-1"]
[WhiteElo "2036"]
[BlackElo "2259"]
[TimeControl "180+1"]
[EndTime "9:42:37 PDT"]
[Termination "DKmirl won on time"]

1. e4 c5 2. c3 d5 3. exd5 Qxd5 4. d4 Nf6 5. Nf3 Bg4 6. Nbd2 e6 7. dxc5 Bxc5 8.
Qa4+ Nc6 9. Be2 O-O 10. O-O a6 11. h3 b5 12. Qf4 Bd6 13. Qe3 Bc5 14. Qf4 e5 15. Qg3 Bxf3 16. Nxf3 e4 17. Nh2 Rad8 18.
Bh6 Ne8 19. Rad1 Qe6 20. Bf4 Nf6 21. h4 Ne7 22. h5 Nf5 23. Qh3 e3 24. h6 exf2+ 25.
Kh1 Nxh6 26. Bxh6 Qxh3 27. gxh3 gxh6 28. Ng4 Nxg4 29. Bxg4 Rxd1 30. Rxd1 f5 31. Bf3 Kg7 32. Kg2 Rf6 33. Rd5 Rg6+ 0-1

[Event "Early-Titled-Tuesday-Blitz-September-05-2023"]
[Site "Chess.com"]
[Date "2023.09.05"]
[Round "9"]
[White "GaiozNigalidze"]
[Black "djano"]
[Result "0-1"]
[WhiteElo "2756"]
[BlackElo "2628"]
[TimeControl "180+1"]
[EndTime "9:42:38 PDT"]
[Termination "djano won by resignation"]

1. Nf3 c5 2. c4 g6 3. g3 Bg7 4. Bg2 Nc6 5. O-O d6 6. Nc3 e5 7. Ne1 Nge7 8. Nc2 O-O 9. Ne3 Be6 10. Ned5 Qd7 11. Re1 Bh3 12. Bh1 f5 13. d3 f4 14.
Nxe7+ Nxe7 15. Ne4 h6 16. Bf3 g5 17. Rb1 a5 18. a3 Rad8 19. b4 axb4 20. axb4 b6 21.
bxc5 bxc5 22. Rb7 Qe6 23. Rb6 Kh8 24. Nxc5 Qc8 25. Nb7 Qc7 26. Qb3 Rd7 27. Ba3 Nf5 28. Nxd6 Nd4 29. Qb2 fxg3 30. hxg3 e4 31. Qd2 exf3 32.
c5 fxe2 33. Qe3 Nf3+ 34. Kh1 Nxe1 35. Qxe2 Re7 36. Ne4 Bg2+ 37. Kh2 Bxe4 38. dxe4 Nf3+ 39. Kg2 Nd4 40. Qd3 Ref7 41. Rb2 Ne6 42. Rc2 Qd8 43. Qc4 Nd4 44. Rd2 Qf6 45. c6 Qf3+ 46. Kh2 Qxe4 47. Qd3 Nf3+ 48. Kh1 Nxd2+ 0-1

[Event "Early-Titled-Tuesday-Blitz-September-05-2023"]
[Site "Chess.com"]
[Date "2023.09.05"]
[Round "9"]
[White "Orest_Vovk"]
[Black "Herman-NY"]
[Result "0-1"]
[WhiteElo "2610"]
[BlackElo "2520"]
[TimeControl "180+1"]
[EndTime "9:42:38 PDT"]
[Termination "Herman-NY won on time"]

1. g4 d5 2. h3 h5 3. g5 h4 4. Bg2 c6 5. d4 Bf5 6. Nc3 e6 7. e4 Bg6 8. Nge2 Bd6 9. f4 Ne7 10. O-O dxe4 11. Nxe4 Bxe4 12. Bxe4 g6 13. c4 Nd7 14. Be3 Bc7 15. d5 cxd5 16. cxd5 exd5 17. Bxd5 Bb6 18. Bxb6 Qxb6+ 19. Kh1 O-O 20. Bf3 Rad8 21.
Qb3 Nf5 22. Qxb6 axb6 23. Bxb7 Nc5 24. Bf3 Rd2 25. b4 Nd3 26. a3 Re8 27. Kg1 Rexe2 28. Bxe2 Rxe2 29. Rf3 Ne3 30. a4 Nxb4 31. Rb1 Nbd5 32.
Rb3 Kf8 33. Rf2 Re1+ 34. Kh2 Ke7 35. Rf3 Ke6 36. Rf2 Kf5 37. Rb5 Ke4 38. Rb3 Nf1+ 39. Kg2 Nde3+ 0-1

[Event "Early-Titled-Tuesday-Blitz-September-05-2023"]
[Site "Chess.com"]
[Date "2023.09.05"]
[Round "9"]
[White "Zhigalko_Sergei"]
[Black "kushbhagat2009"]
[Result "1-0"]
[WhiteElo "2877"]
[BlackElo "2629"]
[TimeControl "180+1"]
[EndTime "9:42:39 PDT"]
[Termination "Zhigalko_Sergei won by resignation"]

1. e4 c5 2. Nf3 d6 3. d4 cxd4 4. Qxd4 Nc6 5. Bb5 Bd7 6. Bxc6 Bxc6 7. Nc3 Nf6 8. Bg5 e6 9. O-O-O Be7 10. Rhe1 O-O 11.
Kb1 Qa5 12. Qd2 Qc7 13. Nd4 Rfd8 14. f3 a6 15. g4 b5 16. Nce2 Rac8 17. Ng3 h6 18.
Be3 Nh7 19. Rg1 Bh4 20. Nh5 Ng5 21. Rgf1 Bb7 22. Bf2 Bxf2 23. Qxf2 Nh7 24. Qe3 d5 25. e5 Nf8 26. g5 Ng6 27. Rfe1 hxg5 28. Qxg5 Kh7 29.
f4 Rh8 30. f5 exf5 31. e6 Qe7 32. Qxf5 Rc7 33. Nf3 f6 34. Rg1 Qe8 35. Nh4 Kg8 36. Rxg6 Rxh5 37. Qxh5 1-0

[Event "Early-Titled-Tuesday-Blitz-September-05-2023"]
[Site "Chess.com"]
[Date "2023.09.05"]
[Round "9"]
[White "gau248"]
[Black "Abund"]
[Result "0-1"]
[WhiteElo "2584"]
[BlackElo "2730"]
[TimeControl "180+1"]
[EndTime "9:42:39 PDT"]
[Termination "Abund won on time"]

1. d4 Nf6 2. Nf3 d5 3. c4 e6 4.
g3 dxc4 5. Bg2 c5 6. O-O Nc6 7. dxc5 Qxd1 8. Rxd1 Bxc5 9. Nbd2 c3 10. bxc3 O-O 11. Nc4 Nd5 12. Bb2 b6 13. Nfe5 Ba6 14.
e4 Nde7 15. Nxc6 Nxc6 16. e5 Rac8 17. Nd6 Rc7 18. c4 Na5 19. Rac1 Rd8 20. Bf1 Rcd7 21. Be2 h6 22. Bd4 Bxd6 23. exd6 Rxd6 24. c5 Bxe2 25. cxd6 Bxd1 26. Rxd1 Rxd6 27. Rd2 Nc4 28. Rc2 Rxd4 29. Kg2 b5 30. h4 Kf8 31. h5 Ke7 32. Re2 Kd6 33. Kh3 Kd5 34. f4 f6 35. Kg4 a5 36.
Re1 Ne5+ 37. Kh3 Nc4 38. Kg4 a4 39. Rf1 Ne3+ 0-1

[Event "Early-Titled-Tuesday-Blitz-September-05-2023"]
[Site "Chess.com"]
[Date "2023.09.05"]
[Round "9"]
[White "Doomfist26"]
[Black "Rurep26"]
[Result "0-1"]
[WhiteElo "2623"]
[BlackElo "2825"]
[TimeControl "180+1"]
[EndTime "9:42:40 PDT"]
[Termination "Rurep26 won on time"]

1. e4 e6 2. Nf3 d5 3. e5 c5 4. b4 cxb4 5. a3 Nc6 6. axb4 Bxb4 7. c3 Bf8 8. d4 Nge7 9. Bd3 g6 10. Na3 Bg7 11. h4 h6 12. Nb5 O-O 13. h5 Bd7 14. Nd6 g5 15. Bxg5 hxg5 16. h6 Ng6 17. hxg7 Kxg7 18.
Nxb7 Qe7 19. Nd6 Rh8 20. Rg1 g4 21. Nd2 Qg5 22. Kf1 Nf4 23. Ba6 Raf8 24. Rb1 Na5 25. Ra1 Nc6 26. Rb1 Rb8 27. Rb7 Rxb7 28. Bxb7 Na5 29. Ba6 Rb8 30. Rh1 Rb6 31. Bc8 Bxc8 32. Nxc8 Rb2 33. Nd6 Nd3 34. N2e4 dxe4 35. Nxe4 Qc1 36.
Qxc1 Nxc1 37. g3 Nd3 38. Rh4 Rb1+ 39. Ke2 Nc1+ 40. Kd2 Ncb3+ 41. Kc2 Rc1+ 42. Kb2 Re1 43. Rxg4+ Kf8 44. Nd6 Nd2 45. Kc2 Ndc4 0-1

[Event "Early-Titled-Tuesday-Blitz-September-05-2023"]
[Site "Chess.com"]
[Date "2023.09.05"]
[Round "9"]
[White "ChainedDowntohell"]
[Black "The_Princess_Moon"]
[Result "1-0"]
[WhiteElo "2587"]
[BlackElo "2291"]
[TimeControl "180+1"]
[EndTime "9:42:43 PDT"]
[Termination "ChainedDowntohell won by checkmate"]

1. a3 e5 2. c4 d5 3. cxd5 Nf6 4. d3 Nxd5 5. Nf3 Nc6 6. e4 Nde7 7. Be2 Bg4 8. Nbd2 Bxf3 9. Nxf3 Nd4 10. Nxd4 Qxd4 11. O-O Nc6 12. Rb1 a5 13. Kh1 O-O-O 14. Be3 Qd6 15.
b4 axb4 16. Qa4 h5 17. axb4 Nd4 18. Bxd4 Qxd4 19. Qa8+ Kd7 20. Qxb7 Bd6 21. b5 Ke7 22. Rfc1 Rb8 23. Rxc7+ Bxc7 24. Qxc7+ Qd7 25. Qxe5+ Qe6 26. Qc7+ Kf6 27. b6 Rhc8 28. Qf4+ Kg6 29. b7 Rd8 30. h4 Qc6 31. Qg5+ Kh7 32. Bxh5 f6 33. Qg6+ Kh8 34.
Qf7 Rd7 35. Qg6 Rdxb7 36. Rxb7 Qxb7 37. Bg4 Qb1+ 38. Kh2 Rb5 39. Qe8+ Kh7 40. Bf5+ g6 41. Qxg6+ Kh8 42. Qh7# 1-0

[Event "Early-Titled-Tuesday-Blitz-September-05-2023"]
[Site "Chess.com"]
[Date "2023.09.05"]
[Round "9"]
[White "hakanazeri2"]
[Black "Fengwi"]
[Result "1-0"]
[WhiteElo "2573"]
[BlackElo "2309"]
[TimeControl "180+1"]
[EndTime "9:42:44 PDT"]
[Termination "hakanazeri2 won on time"]

1. b4 d5 2. Bb2 Nf6 3. Nf3 Bg4 4. e3 e6 5. a3 a5 6. b5 Nbd7 7. h3 Bh5 8. c4 Bd6 9. Be2 O-O 10. O-O dxc4 11. Bxc4 e5 12. Be2 e4 13.
Nd4 Bxe2 14. Qxe2 Nc5 15. Nc3 Nd3 16. Bc1 Nxc1 17. Rfxc1 Be5 18. Qc4 Qd7 19. Nce2 a4 20. Ra2 Nd5 21. Rac2 Nb6 22. Qc3 f5 23. d3 Rae8 24.
dxe4 fxe4 25. Qb4 Qf7 26. Nf4 Bxf4 27. exf4 Qxf4 28. Qc5 e3 29. fxe3 Qxe3+ 30. Kh1 Re4 31. Nf3 Qxc5 32. Rxc5 Re3 33. Rxc7 Rxa3 34. Rxb7 Nd5 35. Ra7 Rb3 36. Rxa4 Rxb5 37. Ra7 Rfb8 38. Kh2 Rb2 39. Ne1 Re2 40. Rd1 Ne3 41. Rdd7 Rxe1 42.
Rxg7+ Kf8 43. Rxh7 Nf1+ 44. Kg1 Nd2+ 45. Kf2 Rf1+ 46.
Ke2 Kg8 47. Rhg7+ 1-0

[Event "Early-Titled-Tuesday-Blitz-September-05-2023"]
[Site "Chess.com"]
[Date "2023.09.05"]
[Round "9"]
[White "OparinGrigoriy"]
[Black "Sibelephant"]
[Result "1-0"]
[WhiteElo "3022"]
[BlackElo "3139"]
[TimeControl "180+1"]
[EndTime "9:42:45 PDT"]
[Termination "OparinGrigoriy won by resignation"]

1. d4 d5 2. c4 c6 3. Nf3 Nf6 4. Nc3 e6 5. e3 Nbd7 6. Bd3 Bd6 7.
e4 dxc4 8. Bxc4 e5 9. dxe5 Nxe5 10. Nxe5 Bxe5 11. Qxd8+ Kxd8 12. Bxf7 Ke7 13. Bb3 Bxc3+ 14. bxc3 Nxe4 15. O-O Kf6 16. Re1 Nc5 17. Bc2 Bf5 18.
Bxf5 Kxf5 19. Ba3 Ne6 20. Re3 Rhe8 21. Rae1 Nc7 22. Bd6 Rxe3 23. Rxe3 Nd5 24. Rf3+ Ke6 25. Bc5 a5 26. c4 Nb4 27. a3 Rd8 28. Re3+ Kf7 29.
g3 Rd1+ 30. Kg2 Nd3 31. Bb6 Nb2 32. Rf3+ Kg6 33. Rf4 Rc1 34. Rg4+ Kf5 35. Rxg7 Nxc4 36. Bd4 b5 37. Rxh7 Rd1 38. Bh8 Nxa3 39. Rc7 b4 40. Rxc6 Rd5 41. h4 b3 42. h5 Kg4 43. h6 Kh5 44. h7 Rd7 45. Bg7 1-0

[Event "Early-Titled-Tuesday-Blitz-September-05-2023"]
[Site "Chess.com"]
[Date "2023.09.05"]
[Round "9"]
[White "IM_Tissir"]
[Black "Semetey"]
[Result "1-0"]
[WhiteElo "2470"]
[BlackElo "2565"]
[TimeControl "180+1"]
[EndTime "9:42:45 PDT"]
[Termination "IM_Tissir won by checkmate"]

1. e4 g6 2. d4 Bg7 3. Nf3 c6 4.
h3 d5 5. Nc3 Nf6 6. Bd3 dxe4 7.
Nxe4 Nxe4 8. Bxe4 O-O 9. O-O Nd7 10. c3 Qc7 11. Bg5 e6 12. Qd2 Re8 13. Rfe1 b6 14.
Bf4 e5 15. dxe5 Nxe5 16. Nxe5 Bxe5 17. Bxc6 Qxc6 18. Bxe5 Bb7 19. f3 f6 20. Bd4 Rad8 21.
Qf4 Kg7 22. h4 h5 23. Re3 Rxe3 24. Bxe3 Rd7 25. Qh6+ Kf7 26. Qh7+ Ke6 27. Qxg6 Rd5 28. Bd4 Kd7 29. Qf7+ Kc8 30. Re1 Rd7 31. Qxh5 Ba6 32. Re8+ Kb7 33. Rf8 Qc4 34. Qe8 Bb5 35. b3 Qc7 36.
Qa8+ Ka6 37. Rxf6 Re7 38. Rxb6+ Ka5 39. Rxb5+ Kxb5 40. Qd5+ Ka6 41. a4 Qg3 42. Qb5# 1-0

[Event "Early-Titled-Tuesday-Blitz-September-05-2023"]
[Site "Chess.com"]
[Date "2023.09.05"]
[Round "9"]
[White "Magila31"]
[Black "ural58"]
[Result "0-1"]
[WhiteElo "2425"]
[BlackElo "2523"]
[TimeControl "180+1"]
[EndTime "9:42:46 PDT"]
[Termination "ural58 won on time"]

1. d4 d5 2. c4 e5 3. dxe5 d4 4. a3 Nc6 5. e3 Nge7 6. Nf3 Bg4 7.
Be2 Bxf3 8. Bxf3 dxe3 9. Qxd8+ Rxd8 10. Bxe3 Nxe5 11. Bxb7 Nxc4 12. Bxa7 c6 13. Ba6 Nxb2 14. O-O Ra8 15. Bd4 Rxa6 16. Bxb2 f6 17. Nc3 Kf7 18. Rad1 Ra7 19. Rd8 g6 20. Re1 Bg7 21. Rxh8 Bxh8 22. Ne4 Rd7 23. a4 Bg7 24. f3 Nd5 25. Nc5 Ra7 26.
Re6 Nb4 27. Rd6 Re7 28. Ne4 f5 29. Ng5+ Ke8 30. Bxg7 Rxg7 31. Re6+ Kd7 32. Re5 h6 33. Ne6 Kd6 34. Re2 Re7 35. Nd4 Rxe2 36. Nxe2 Kc5 37.
Kf2 Kb6 38. Ke3 Ka5 39. Nc3 g5 40. h4 gxh4 41. Kf4 Nd5+ 0-1